 Dungeon Crawl Stone Soup version 0.21.1-1-g345015fe64 (webtiles) character file.

84 Brecoman the Distorting Draconian (level 4, 0/38 HPs)
             Began as a Draconian Abyssal Knight on June 16, 2018.
             Was a Believer of Lugonu.
             Slain by a gnoll (6 damage)
             ... on level 1 of the Dungeon on June 17, 2018.
             The game lasted 00:14:44 (1846 turns).

Brecoman the Distorting Draconian (DrAK)            Turns: 1846, Time: 00:14:45

Health: 0/38       AC:  5    Str: 15    XL:     4   Next: 23%
Magic:  6/6        EV: 12    Int: 12    God:    Lugonu [**....]
Gold:   102        SH:  0    Dex: 11    Spells: 3/3 levels left

rFire    . . .     SeeInvis .   a - +1 falchion
rCold    . . .     Gourm    .   (no shield)
rNeg     . . .     Faith    .   (armour unavailable)
rPois    .         Spirit   .   (helmet restricted)
rElec    .         Reflect  .   (no cloak)
rCorr    .         Harm     .   (no gloves)
MR       .....                  (no boots)
Stlth    +.........             (no amulet)
HPRegen  0.12/turn              (no ring)
MPRegen  0.10/turn              (no ring)

@: no status effects
A: unfitting armour, cold-blooded, AC +5
a: Depart the Abyss, Bend Space, Renounce Religion


You were on level 1 of the Dungeon.
You worshipped Lugonu.
Lugonu was pleased with you.
You were not hungry.

You visited 1 branch of the dungeon, and saw 2 of its levels.
You visited the Abyss 1 time.

You collected 102 gold pieces.

Inventory:

Hand Weapons
 a - a +1 falchion (weapon)
Missiles
 g - 75 stones (quivered)
Jewellery
 f - an uncursed ring of poison resistance {unknown}
 l - a cursed ring of loudness
Wands
 e - a wand of enslavement (12)
Scrolls
 d - a scroll of identify
Potions
 c - a potion of brilliance {unknown}
 i - a potion of lignification {unknown}


   Skills:
 - Level 3.2 Fighting
 + Level 3.5 Long Blades
 - Level 2.1 Dodging
 + Level 3.7 Invocations


You had 3 spell levels left.
You didn't know any spells.

Dungeon Overview and Level Annotations

Branches:
Dungeon (2/15)

Altars:


Innate Abilities, Weirdness & Mutations

Your plain brown scales are hard. (AC +5)
You cannot fit into any form of body armour.
You are cold-blooded and may be slowed by cold attacks.


Message History

The gnoll hits you with a spear.
There is a stone staircase leading up, spattered with blood here.
You can't go down here!
The gnoll misses you.
You riposte.
You barely miss the gnoll. The gnoll barely misses you.
You climb upwards.
There is a stone staircase leading down here.
You closely miss the gnoll.
Your tail-slap misses the gnoll.
The gnoll is heavily wounded.
The gnoll hits you.
* * * LOW HITPOINT WARNING * * *
The gnoll completely misses you.
You riposte.
You closely miss the gnoll.
The gnoll is heavily wounded.
The gnoll barely misses you.
You hit the gnoll.
The gnoll is almost dead.
The gnoll hits you with a spear.
* * * LOW HITPOINT WARNING * * *
The gnoll hits you.
You die...

####### #.# #.....# #.#
#.....# #.# #.....# #.#
#.....# #.#
####.....#######.#######
.........'..............
####.....#...........##.
...')...).......@....#
.###.)...#......gg...#
.###.....#...........#
..#####.............##
..# #.............# ..#
#............... ..#
#.............### ..#
#########.##### #.#


You could see 2 gnolls.

Vanquished Creatures
  Robin (D:1)
  2 gnolls
  An ooze (D:1)
  A dart slug (D:1)
  2 giant cockroaches (D:1)
  13 goblins
  7 hobgoblins
  4 kobolds (D:1)
  4 ball pythons
  4 bats
  3 frilled lizards
  2 rats (D:1)
44 creatures vanquished.

Notes
Turn   | Place    | Note
-------+----------+-------------------------------------------
     0 | Abyss:1  | Brecoman the Draconian Abyssal Knight began the quest for the Orb.
     0 | Abyss:1  | Reached XP level 1. HP: 19/19 MP: 2/2
    23 | D:1      | Escaped the Abyss
    87 | D:1      | Reached XP level 2. HP: 9/26 MP: 3/3
   579 | D:1      | Reached XP level 3. HP: 24/31 MP: 5/5
   941 | D:2      | Noticed Robin
  1208 | D:1      | Killed Robin
  1216 | D:1      | Reached ** piety under Lugonu
  1252 | D:2      | Reached XP level 4. HP: 14/38 MP: 6/6
  1846 | D:1      | Slain by a gnoll

Skill      XL: |  1  2  3 |
---------------+----------+-----
Invocations    | 3 |  3.7
Long Blades    | 3 |  3.5
Fighting       | |  3.2
Dodging        | |  2.1

Action                   |  1- 3 |  4- 6 || total
-------------------------+-------+-------++-------
Melee: Falchion          |    91 |    33 ||   124
       Tailslap          |    13 |     7 ||    20
Throw: Stone             |     7 |       ||     7
Invok: Bend Space        |       |     3 ||     3
  Use: Scroll            |       |     4 ||     4
  Eat: Chunk             |     1 |       ||     1
       Ration            |       |     1 ||     1
Armor: Skin              |    26 |    22 ||    48
Dodge: Dodged            |    80 |    40 ||   120
       Rpst.: Falchion   |    22 |    13 ||    35
